 Dungeon Crawl Stone Soup version 0.20-a0-277-g7db01f4 (webtiles) character file.

256378 Ifrit the Warrior (level 19, 0/147 HPs)
             Began as a Demonspawn Fighter on Dec 12, 2016.
             Was the Champion of Hepliaklqana.
             Killed from afar by a purple draconian (42 damage)
             ... with a bolt of dispelling energy
             ... in a wizard's laboratory.
             The game lasted 02:12:54 (41923 turns).

Ifrit the Warrior (Demonspawn Fighter)             Turns: 41923, Time: 02:12:55

Health: 0/147      AC: 34    Str: 16    XL:     19   Next: 7%
Magic:  26/26      EV:  8    Int: 24    God:    Hepliaklqana [******]
Gold:   1048       SH: 16    Dex: 15    Spells: 18/18 levels left

rFire  + + +     SeeInvis .     b - +2 broad axe (flame)
rCold  . . .     Gourm    .     X - +3 plate armour {rF+}
rNeg   . . .     Faith    .     c - +0 shield
rPois  +         Spirit   .     m - +1 helmet
rElec  +         Reflect  +     H - +2 cloak {MR+}
rCorr  .         Harm     .     Q - +0 pair of gloves
MR     +....                    (boots unavailable)
Stlth  ..........               Y - +5 amulet of reflection
                                C - ring "Vysydgh" {rElec rPois rF++ MR- Int+8}
                                z - +3 ring of protection

@: no status effects
A: reduced essence, talons 3, molten scales 3, demonic guardian 2, powered by
death 2
}: 2/15 runes: decaying, serpentine
a: Recall Ancestor, Ancestor Identity, Transference, Idealise, Renounce Religion


You were in a wizard's laboratory.
You worshipped Hepliaklqana.
Hepliaklqana was exalted by your worship.
You were not hungry.

You visited 7 branches of the dungeon, and saw 33 of its levels.
You also visited: Sewer, Bailey, Ice Cave, Volcano and Wizlab.

You collected 4466 gold pieces.
You spent 3418 gold pieces at shops.

Inventory:

Hand Weapons
 b - a +2 broad axe of flaming (weapon)
Armour
 c - a +0 shield (worn)
 m - a +1 helmet (worn)
 H - a +2 cloak of magic resistance (worn)
 Q - a +0 pair of gloves (worn)
 X - a +3 plate armour of fire resistance (worn)
Jewellery
 n - an uncursed ring of protection from cold
 w - an uncursed ring of protection from magic
 z - a +3 ring of protection (left hand)
 C - the ring "Vysydgh" (right hand) {rElec rPois rF++ MR- Int+8}
   (You bought it in a shop on level 2 of the Snake Pit)

   [ring of poison resistance]

   It affects your intelligence (+8).
   It greatly protects you from fire.
   It insulates you from electricity.
   It protects you from poison.
   It affects your resistance to hostile enchantments.
 J - an uncursed ring of see invisible
 O - an uncursed amulet of regeneration
 Y - a +5 amulet of reflection (around neck)
Wands
 a - a wand of disintegration (13/24)
 g - a wand of disintegration (10/24)
 r - a wand of lightning (7/15)
 s - a wand of lightning (7/15)
 M - a wand of lightning (6/15)
 U - a wand of lightning (5/15)
Scrolls
 o - 5 scrolls of magic mapping
 x - 13 scrolls of identify
 y - a scroll of fear
 A - 14 scrolls of remove curse
 B - 11 scrolls of teleportation
 G - 9 scrolls of recharging
 T - a scroll of blinking
Potions
 e - a potion of curing
 h - 4 potions of resistance
 i - a potion of invisibility
 p - a potion of agility
 t - a potion of haste
 I - 3 potions of flight
 K - 2 potions of berserk rage
Miscellaneous
 N - a fan of gales
Comestibles
 d - 4 chunks of flesh
 f - 17 bread rations
 j - 11 meat rations


   Skills:
 + Level 18.3 Fighting
 - Level 18.2 Axes
 - Level 14.6 Armour
 - Level 6.3 Dodging
 + Level 8.7 Shields
 - Level 10.0 Evocations


You had 18 spell levels left.
You didn't know any spells.

Dungeon Overview and Level Annotations

Branches:
Dungeon (15/15)            Temple (1/1) D:6            Lair (6/6) D:11
  Swamp (4/4) Lair:3        Snake (4/4) Lair:2        Slime (0/5) Lair:5
    Orc (2/2) D:11            Elf (0/3) Orc:2        Vaults (1/5) D:14
 Depths (0/5) D:15

Altars:
Cheibriados
Dithmenos
Elyvilon
Fedhas
Hepliaklqana
Kikubaaqudgha
Makhleb
Nemelex Xobeh
Okawaru
Qazlal
Ru
Trog
Vehumet
Xom
Zin
The Shining One
Beogh

Shops:
D:6 ?(*%[   D:8 [(=:*   Orc:2 *:*=   Snake:2 ==}

Annotations:
D:8 Gastronok
Lair:2 exclusion: 2 oklob plants
Snake:2 CephalicBurn's ghost, journeyman DsFi WizLab exclusion: 2 statues


Innate Abilities, Weirdness & Mutations

You have claws for feet.
You are completely covered in molten scales. (AC +4, rF+)
A demonic guardian rushes to your aid.
You regenerate health from kills.
Your life essence is reduced. (-10% HP)


Message History

The bolt of dispelling energy hits you!
* * * LOW HITPOINT WARNING * * *
You feel better.
You feel better.
You feel better.
The purple draconian hits you from afar with an enchanted glaive!
* * * LOW HITPOINT WARNING * * *
You feel better.
The purple draconian hits you but does no damage.
You see here a scimitar.
The purple draconian breathes dispelling energy at you.
The bolt of dispelling energy misses you.
Things that are here:
a rapier; a ring mail Kresh emerges from the mists of memory!
Things that are here:
a battleaxe; a long sword The purple draconian breathes dispelling energy at you.
The bolt of dispelling energy hits you!
You die...

..###.....###............##
.#.#.#####.#.#..........#.#
#.#.## ##)#.#..........##
##.## ##)###........#.#
#.## ##d#......§...## )##
##.##....§§.#.# .#
#)#....[§§§### .'
#........§#.§# .##
#.#@.....§§### .#
##)##.....§§#.# #.
##.#......§....# #
##.###........#.#
##.#.#..........##
###.#.#......)...#.#
#.....###............##
#.##.##.#.......)...##.#
#...#..............§##


You could see a purple draconian.

Vanquished Creatures
  Vashnia (Snake:4)
  Frances (Snake:1)
  8 nagarajas
  Aizul (Snake:3)
  Louise (Swamp:1)
  Nessos (Lair:5)
  8 purple draconians (WizLab)
  5 statues (WizLab)
  2 vault guards (D:14)
  6 naga warriors
  The ghost of jlc4533 the Cleaver, a journeyman FoFi of Ru (D:11)
  15 hydras
  Harold (D:11)
  2 ice dragons (IceCv)
  3 ogre magi
  A ghost crab (Swamp:3)
  2 catoblepae
  11 anacondas
  4 alligators
  2 centaur warriors
  A spriggan berserker (Swamp:4)
  7 naga sharpshooters
  11 shock serpents
  The ghost of 0gre the Basher, a novice GrFi of Trog (Bailey)
  3 salamander mystics (Snake:4)
  7 swamp dragons
  An unseen horror (D:10)
  15 naga ritualists
  4 hill giants
  Pikel (D:5)
  A shambling mangrove (Swamp:4)
  A necromancer (Lair:2)
  9 deep elf magi (WizLab)
  A wolf spider (D:15)
  3 cyclopes
  2 orc knights
  2 orc sorcerers
  5 salamanders
  11 mana vipers
  An oklob plant (Swamp:3)
  8 ugly things
  2 manticores
  Maurice (D:12)
  5 elephants
  2 guardian serpents (Snake:4)
  36 black mambas
  2 ice statues (IceCv)
  10 naga magi
  25 spiny frogs
  A smoke demon (Volcano)
  A gargoyle (D:15)
  10 komodo dragons
  2 rime drakes
  A tengu conjurer (D:14)
  A freezing wraith (D:15)
  2 meliai (Lair:5)
  5 trolls
  A red devil (Volcano)
  A queen bee (Lair:5)
  4 tyrant leeches
  Grinder (D:4)
  4 hornets
  6 two-headed ogres
  8 slime creatures
  4 polar bears (Lair:6)
  A dream sheep (Lair:6)
  8 bog bodies
  17 blink frogs
  A centaur simulacrum (D:15)
  7 hippogriffs
  2 shadows
  3 wraiths
  A redback (D:13)
  2 spriggans
  A vampire (D:14)
  2 wyverns
  A hog (Lair:4)
  3 basilisks
  A human (D:10)
  2 hungry ghosts
  27 yaks
  37 nagas
  9 vampire mosquitoes
  An insubstantial wisp (Swamp:3)
  Duvessa (D:5)
  2 wargs
  10 swamp worms
  A hell hound (Volcano)
  A knight (WizLab)
  9 water moccasins
  2 sky beasts
  2 porcupines
  13 swamp drakes
  19 ice beasts
  16 orc warriors
  A black bear (D:6)
  2 eyes of draining
  3 phantoms
  A hornet zombie (D:9)
  18 ogres
  2 boggarts (D:15)
  14 wolves
  3 centaurs
  7 crocodiles
  3 big kobolds
  An elf zombie (D:4)
  21 bullfrogs
  A wyvern zombie (D:13)
  Dowan (D:5)
  A water moccasin zombie (D:7)
  An elf skeleton (D:4)
  7 scorpions
  27 killer bees
  A water moccasin skeleton (D:7)
  9 wights
  3 howler monkeys
  3 electric eels
  2 vampire bats (D:4)
  A lava snake (Snake:2)
  2 bullfrog zombies
  3 centaur zombies
  Crazy Yiuf (D:4)
  4 crimson imps
  4 hounds
  16 jellies
  10 orc priests
  A gnoll shaman (Orc:2)
  26 orc wizards
  3 centaur skeletons
  5 bullfrog skeletons
  A human skeleton (D:4)
  4 iguanas
  5 worker ants
  3 yak simulacra (Lair:2)
  3 wolf simulacra (Lair:2)
  A hound zombie (D:6)
  2 hound skeletons (D:7)
  Robin (D:4)
  6 gnolls
  12 adders
  6 shadow imps
  2 oozes
  An adder zombie (D:7)
  2 adder skeletons
  2 worms
  2 dart slugs (D:1)
  6 leopard geckos
  104 orcs
  7 ball pythons
  7 bats
  A bat skeleton (D:4)
  6 bat zombies (D:4)
  8 giant cockroaches
  22 goblins
  15 hobgoblins
  9 jackals
  3 quokkas
  10 frilled lizards
  25 kobolds
  2 orc skeletons (D:4)
  An orc zombie (D:4)
  A quokka zombie (D:6)
  15 rats
  2 river rat simulacra (Lair:2)
  4 briar patches (Swamp:2)
  2 fungi (Lair:6)
  4 plants
1023 creatures vanquished.

Vanquished Creatures (collateral kills)
  2 thorn hunters
  Kirke (Lair:5)
  4 nagarajas
  3 ogre magi (Orc:2)
  The ghost of FitzyFitz the Fighter, a journeyman TeMo of Yredelemnul (Lair:2)
  Fannar (Lair:1)
  3 vault guards (D:14)
  An ice dragon (Lair:6)
  8 hydras
  A catoblepas (D:13)
  5 naga warriors
  5 anacondas
  2 alligators (Swamp:1)
  A tengu warrior (D:14)
  2 centaur warriors
  4 death yaks (Lair:5)
  The ghost of mg7810 the Cleaver, a novice HOFi of Fedhas (Volcano)
  4 shock serpents
  A deep elf knight (Vaults:1)
  4 salamander mystics
  A hell knight (Volcano)
  2 unseen horrors
  3 swamp dragons (Swamp:4)
  3 naga ritualists
  A hill giant (D:14)
  6 mana vipers
  10 ugly things
  4 deep elf magi
  A manticore (D:15)
  7 elephants
  A cyclops (shapeshifter) (D:15)
  3 salamanders
  A centaur zombie (D:14)
  16 black mambas
  4 guardian serpents
  7 naga magi
  A torpor snail (Lair:5)
  2 centaur skeletons
  A gargoyle (D:14)
  A kobold demonologist (D:14)
  12 spiny frogs
  2 rime drakes
  4 komodo dragons
  2 yaktaurs (D:14)
  A meliai (shapeshifter) (D:15)
  A meliai (Lair:5)
  A troll (D:13)
  10 two-headed ogres
  7 slime creatures
  A queen bee (shapeshifter) (D:15)
  A hornet (Swamp:4)
  4 tyrant leeches
  3 bog bodies
  19 blink frogs
  2 hippogriffs
  4 shadows
  22 yaks
  A wraith (D:11)
  A hog (Lair:5)
  A human (D:11)
  2 wyverns
  Grum (Lair:1)
  5 vampire mosquitoes
  13 nagas
  4 swamp worms
  An acid dragon (D:15)
  5 water moccasins
  7 swamp drakes
  3 ice beasts (IceCv)
  17 ogres
  4 orc warriors
  A necrophage (D:12)
  3 wolves
  2 boggarts (D:15)
  3 centaurs (D:13)
  3 crocodiles
  7 bullfrogs
  2 scorpions
  3 killer bees
  2 wights (D:15)
  A howler monkey (D:8)
  3 lava snakes (Snake:2)
  2 bullfrog zombies (D:13)
  A crimson imp (D:11)
  3 jellies
  3 orc priests
  6 orc wizards
  2 yak simulacra (Lair:2)
  A worker ant zombie (D:11)
  An adder (Snake:2)
  4 gnolls
  10 orcs
  2 jackals (D:10)
  3 ball pythons (Snake:2)
  A kobold (D:11)
  A river rat simulacrum (Lair:2)
  2 briar patches (Swamp:2)
  2 fungi
  A plant (Lair:5)
365 creatures vanquished.

Vanquished Creatures (others)
  Nikola (Snake:2)
  A centaur warrior (D:14)
  4 naga sharpshooters
  A mana viper (Snake:4)
  A cyclops (Orc:1)
  2 humans (Lair:5)
  An orc warrior (Orc:2)
  A swamp drake (Swamp:1)
  3 slaves (D:6)
  2 centaurs
  An ogre (D:15)
  11 knights
  An ancestor (D:10)
  An orc (D:11)
  A jackal (D:5)
  6 kobolds (Bailey)
  32 fungi
  58 plants
128 creatures vanquished.

Grand Total: 1516 creatures vanquished

Notes
Turn   | Place    | Note
-------+----------+-------------------------------------------
     0 | D:1      | Ifrit the Demonspawn Fighter began the quest for the Orb.
     0 | D:1      | Reached XP level 1. HP: 18/18 MP: 1/1
   226 | D:1      | Gained mutation: You regenerate a little health from kills. [demonic ancestry]
   226 | D:1      | Reached XP level 2. HP: 15/24 MP: 2/2
   790 | D:1      | Reached XP level 3. HP: 29/29 MP: 3/3
  1643 | D:2      | Gained mutation: You regenerate health from kills. [demonic ancestry]
  1643 | D:2      | Reached XP level 4. HP: 35/35 MP: 4/4
  1959 | D:3      | Found a glowing drain.
  2150 | Sewer    | Entered a sewer
  2274 | Sewer    | Reached XP level 5. HP: 40/41 MP: 5/5
  2383 | Sewer    | Reached skill level 5 in Axes
  3051 | D:3      | Reached XP level 6. HP: 35/47 MP: 6/6
  3343 | D:4      | Noticed Grinder
  3350 | D:4      | Killed Grinder
  3368 | D:4      | Got a brightly glowing spear
  3406 | D:4      | Identified the +7 spear of True Grit {pierce, rC+ Int+3} (You found it on level 4 of the Dungeon)
  3425 | D:4      | Reached XP level 7. HP: 52/52 MP: 7/7
  3963 | D:4      | Noticed Robin
  3996 | D:4      | Killed Robin
  4020 | D:4      | Gained mutation: You are partially covered in molten scales. (AC +2) [demonic ancestry]
  4020 | D:4      | Reached XP level 8. HP: 58/58 MP: 8/8
  4330 | D:4      | Found an ancient bone altar of Kikubaaqudgha.
  4498 | D:4      | Found a runed door.
  4502 | D:4      | Noticed Crazy Yiuf
  4510 | D:4      | Killed Crazy Yiuf
  4565 | D:5      | Entered Level 5 of the Dungeon
  4598 | D:5      | Noticed Duvessa
  4598 | D:5      | Noticed Dowan
  4617 | D:5      | Killed Duvessa
  4627 | D:5      | Killed Dowan
  5086 | D:5      | Reached skill level 10 in Axes
  5282 | D:6      | Noticed Pikel
  5324 | D:5      | Killed Pikel
  5324 | D:5      | Reached XP level 9. HP: 63/63 MP: 9/9
  5343 | D:6      | Found Muor's General Store.
  5346 | D:6      | Bought a scroll of teleportation for 42 gold pieces
  5388 | D:6      | Found Ynteusch's Magic Scroll Shop.
  5395 | D:6      | Bought a scroll of fear for 35 gold pieces
  5469 | D:6      | Found Oloff's Antique Weapon Boutique.
  5477 | D:6      | Bought a polished flail for 178 gold pieces
  5504 | D:6      | Bought a scroll of identify for 20 gold pieces
  5504 | D:6      | Identified the +4 flail of Dihar {venom, rN+ MR+ Int+3 Dex-5} (You bought it in a shop on level 6 of the Dungeon)
  5635 | D:6      | Found Omnussag's Food Shop.
  5860 | D:6      | Found a staircase to the Ecumenical Temple.
  5925 | D:6      | Found Zeygel's Antique Armour Shoppe.
  6266 | D:6      | Reached skill level 1 in Dodging
  6629 | D:7      | Found a flagged portal.
  6650 | Bailey   | Entered a bailey
  6661 | Bailey   | Noticed an orc knight
  6715 | Bailey   | Noticed 0gre's ghost (novice GrFi)
  6738 | Bailey   | Killed 0gre's ghost
  6738 | Bailey   | Reached skill level 5 in Fighting
  6738 | Bailey   | Gained mutation: A weak demonic guardian rushes to your aid. [demonic ancestry]
  6738 | Bailey   | Reached XP level 10. HP: 73/74 MP: 10/10
  6784 | Bailey   | Killed an orc knight
  7112 | Temple   | Entered the Ecumenical Temple
  7231 | Temple   | Became a worshipper of Hepliaklqana the Forgotten
  7342 | D:6      | Bought a scroll of identify for 20 gold pieces
  7342 | D:6      | Bought a scroll of identify for 20 gold pieces
  7342 | D:6      | Bought a scroll of identify for 20 gold pieces
  7827 | D:8      | Found Cohima's Antique Armour Shoppe.
  7846 | D:8      | Bought a pair of brightly glowing boots for 228 gold pieces
  7856 | D:8      | Identified the cursed +0 pair of boots of Meopsah {rF+ Int+4 Slay-3 SInv} (You bought it in a shop on level 8 of the Dungeon)
  7919 | D:8      | Found Nufe Uwa's Antique Weapon Shoppe.
  8026 | D:8      | Found Gasyat's General Store.
  8032 | D:8      | Bought a potion of lignification for 48 gold pieces
  8063 | D:8      | Reached skill level 5 in Armour
  8109 | D:8      | Found Kioleuj's Book Boutique.
  8310 | D:8      | Noticed Gastronok
  8468 | D:8      | Found Qeopneho's Jewellery Emporium.
  8472 | D:8      | Bought a +3 ring of protection for 231 gold pieces
  8827 | D:9      | Reached * piety under Hepliaklqana
  8907 | D:9      | Found a shimmering altar of Xom.
  8908 | D:9      | Found a snail-covered altar of Cheibriados.
  8908 | D:9      | Found a white marble altar of Elyvilon.
  9011 | D:9      | Reached XP level 11. HP: 77/77 MP: 11/11
  9322 | D:9      | Found a sparkling altar of Nemelex Xobeh.
  9358 | D:9      | Found a burning altar of Makhleb.
  9374 | D:9      | Found a radiant altar of Vehumet.
  9374 | D:9      | Found an iron altar of Okawaru.
  9399 | D:9      | Found a shadowy altar of Dithmenos.
  9609 | D:10     | Entered Level 10 of the Dungeon
  9995 | D:10     | Killed an unseen horror
 10466 | D:10     | Found a roughly hewn altar of Beogh.
 10736 | D:11     | Got a twisted dagger {pierce}
 10737 | D:11     | Identified the +0 dagger "Tereuludgh" {pierce, rC+ rN+ Str-5} (You took it off an orc priest on level 11 of the Dungeon)
 10768 | D:11     | Found a staircase to the Orcish Mines.
 10864 | D:11     | Reached ** piety under Hepliaklqana
 10865 | D:11     | Remembered your ancestor Kresh as a knight
 10911 | D:11     | Noticed Harold
 10926 | D:11     | Killed Harold
 10968 | D:11     | Found a staircase to the Lair.
 11263 | D:11     | Reached skill level 10 in Fighting
 11428 | D:11     | Killed an unseen horror
 11569 | D:11     | Noticed jlc4533's ghost (journeyman FoFi)
 11581 | D:11     | Killed jlc4533's ghost
 11921 | Lair:1   | Entered Level 1 of the Lair of Beasts
 12044 | Lair:1   | Gained mutation: A demonic guardian rushes to your aid. [demonic ancestry]
 12044 | Lair:1   | Reached XP level 12. HP: 85/88 MP: 12/12
 12088 | Lair:1   | Noticed Grum
 12114 | Lair:1   | Killed Grum
 12136 | Lair:1   | Noticed a five-headed hydra
 12145 | Lair:1   | Killed a five-headed hydra
 12145 | Lair:1   | Reached skill level 10 in Armour
 12349 | Lair:1   | Noticed Fannar
 12377 | Lair:1   | Killed Fannar
 12701 | Orc:1    | Entered Level 1 of the Orcish Mines
 12965 | Orc:2    | Entered Level 2 of the Orcish Mines
 12965 | Orc:2    | Reached *** piety under Hepliaklqana
 13044 | Orc:2    | Found a staircase to the Elven Halls.
 13193 | Orc:2    | Noticed an ogre mage
 13235 | Orc:2    | Noticed an ogre mage
 13474 | Lair:2   | Found a staircase to the Snake Pit.
 13474 | Lair:2   | Noticed FitzyFitz's ghost (journeyman TeMo)
 13689 | Lair:2   | Killed FitzyFitz's ghost
 13801 | Lair:2   | Got an iridescent long sword
 13802 | Lair:2   | Identified the +7 long sword "Jexey" {slice, +Blink Str+3 Dex+4} (You found it on level 2 of the Lair of Beasts)
 14078 | D:6      | Bought a steaming plate armour for 840 gold pieces
 14088 | D:6      | Identified the +0 plate armour of the Chupacabra {rC- Str+5} (You bought it in a shop on level 6 of the Dungeon)
 14970 | Lair:3   | Reached **** piety under Hepliaklqana
 15216 | Lair:3   | You fall through a shaft!
 15680 | Lair:3   | Noticed a four-headed hydra
 15686 | Lair:3   | Killed a four-headed hydra
 15686 | Lair:3   | Gained mutation: You have sharp toenails. [demonic ancestry]
 15686 | Lair:3   | Reached XP level 13. HP: 93/93 MP: 13/13
 15713 | Lair:3   | Found a staircase to the Swamp.
 16077 | Lair:4   | You fall through a shaft for 2 floors!
 16077 | Lair:6   | Entered Level 6 of the Lair of Beasts
 16159 | Lair:6   | Found a frozen archway.
 16223 | IceCv    | Entered an ice cave
 16495 | IceCv    | Reached ***** piety under Hepliaklqana
 16656 | Lair:6   | Found a dark tunnel.
 16662 | Volcano  | Entered a volcano
 16672 | Volcano  | Noticed mg7810's ghost (novice HOFi)
 16683 | Volcano  | Killed mg7810's ghost
 16782 | Volcano  | Reached skill level 15 in Axes
 17242 | Lair:5   | Noticed Nessos
 17259 | Lair:5   | Killed Nessos
 17407 | Lair:5   | Noticed Kirke
 18455 | Lair:5   | Found a staircase to the Slime Pits.
 18471 | Lair:5   | Killed Kirke
 18688 | Lair:5   | Reached XP level 14. HP: 99/99 MP: 14/14
 20112 | Lair:6   | Reached skill level 5 in Shields
 21801 | Orc:2    | Reached skill level 1 in Evocations
 21949 | Orc:2    | Found Qoumunor's General Store.
 21949 | Orc:2    | Found Reyky's Assorted Antiques.
 21949 | Orc:2    | Found Beodgh's Jewellery Emporium.
 21949 | Orc:2    | Found Zewik's Book Boutique.
 21955 | Orc:2    | Bought a potion of curing for 36 gold pieces
 21958 | Orc:2    | Bought a scroll of teleportation for 78 gold pieces
 22005 | Orc:2    | Bought a cursed ring of protection from magic for 308 gold pieces
 22923 | D:12     | Gained mutation: You are mostly covered in molten scales. (AC +3) [demonic ancestry]
 22923 | D:12     | Reached XP level 15. HP: 108/108 MP: 18/18
 22970 | D:12     | Reached skill level 5 in Evocations
 23014 | D:12     | Noticed Maurice
 23028 | D:12     | Killed Maurice
 23631 | D:13     | Reached ****** piety under Hepliaklqana
 25466 | D:14     | Reached skill level 10 in Evocations
 25848 | D:14     | Found a gate to the Vaults.
 26024 | D:15     | Entered Level 15 of the Dungeon
 26762 | D:15     | Found a staircase to the Depths.
 27130 | Snake:1  | Entered Level 1 of the Snake Pit
 27342 | Snake:1  | Reached XP level 16. HP: 104/116 MP: 16/23
 27667 | Snake:1  | Noticed Frances
 27690 | Snake:1  | Killed Frances
 29616 | Snake:2  | Found a burning altar of Makhleb.
 30186 | Snake:2  | HP: 4/118 [nagaraja/bolt of poison (9)]
 31245 | Snake:2  | Noticed CephalicBurn's ghost (journeyman DsFi)
 31397 | Swamp:1  | Entered Level 1 of the Swamp
 31644 | Swamp:1  | Noticed Louise
 31675 | Swamp:1  | Killed Louise
 32473 | Swamp:2  | Noticed a thorn hunter
 32485 | Swamp:2  | Killed a thorn hunter
 32626 | Swamp:2  | Gained mutation: You have razor-sharp toenails. [demonic ancestry]
 32626 | Swamp:2  | Reached XP level 17. HP: 103/126 MP: 24/24
 34093 | Swamp:4  | Entered Level 4 of the Swamp
 34326 | Swamp:4  | Reached skill level 15 in Fighting
 34508 | Swamp:4  | Reached skill level 5 in Dodging
 34682 | Swamp:4  | Got a decaying rune of Zot
 36195 | Snake:2  | Found Hodege's Gadget Boutique.
 36195 | Snake:2  | Found Ideimiad's Jewellery Emporium.
 36196 | Snake:2  | Found Muquadop's Jewellery Emporium.
 36205 | Snake:2  | Bought a cursed amulet of inaccuracy for 30 gold pieces
 36205 | Snake:2  | Bought a cursed ring of teleportation for 67 gold pieces
 36211 | Snake:2  | Bought the ring "Vysydgh" {rElec rPois rF++ MR- Int+8} for 1217 gold pieces
 36864 | Snake:3  | Noticed Aizul
 36899 | Snake:3  | Killed Aizul
 37306 | Snake:3  | Noticed Nikola
 37347 | Snake:2  | Killed Nikola
 37565 | Snake:3  | Gained mutation: You are completely covered in molten scales. (AC +4, rF+) [demonic ancestry]
 37565 | Snake:3  | Reached XP level 18. HP: 111/137 MP: 25/25
 38207 | Snake:4  | Entered Level 4 of the Snake Pit
 39200 | Snake:4  | Noticed Vashnia
 39230 | Snake:4  | Killed Vashnia
 39798 | Snake:4  | Got a serpentine rune of Zot
 40198 | Vaults:1 | Entered Level 1 of the Vaults
 40237 | Vaults:1 | Found a magical portal.
 40248 | WizLab   | Entered Iskenderun's Mystic Tower
 41464 | WizLab   | Gained mutation: You have claws for feet. [demonic ancestry]
 41464 | WizLab   | Reached XP level 19. HP: 125/146 MP: 26/26
 41923 | WizLab   | Killed from afar by a purple draconian

Vault maps used:
D:1:      tarquinn_simple_flora_water_a
D:2:      minmay_heptomino_h4
D:3:      portal_sewer_entry_b
D:4:      kennysheep_vampire_church, first_bread,
          nicolae_ossuary_entry_catacombs, uniq_crazy_yiuf_cottage, uniq_robin,
          uniq_grinder
D:5:      uniq_duvessa
D:6:      serial_shops, shop, kennysheep_mini, nicolae_shop_trees, shop,
          nicolae_shop_trees, kennysheep_small_square, uniq_pikel
D:7:      enter_bailey_3, kb_lookout_dungeons_type
D:8:      serial_shops, kennysheep_mini_moat, shop,
          nicolae_shop_temple_entry_statues_fountains, nicolae_shop_crystal,
          shop, uniq_gastronok
D:9:      minmay_imperfect_grid, gammafunk_temple_overflow_claw,
          nicolae_overflow_quartered_altars, nemelex_dance_club_becter
D:10:     special_room
D:11:     david_lair_generic, erik_orc_4, hangedman_stone_soup, uniq_harold
D:12:     uniq_maurice
D:14:     grunt_vaults_entry_fortified, glass_columns_b
D:15:     gammafunk_enter_depths_forms, glass_columns_b
Temple:   nicolae_temple_figure_eight
Lair:1:   uniq_fannar, uniq_grum
Lair:2:   dummy_snake_entry, eino_house_with_fridge, minmay_lair_oklob_chamber
Lair:3:   minmay_swamp_entry_worms, serial_bayou_pond_b
Lair:5:   beast_lair_carwin_large_3, minmay_slime_entry_jelly_boxes,
          special_room, guppyfry_lair_drakes, uniq_kirke, uniq_nessos
Lair:6:   minmay_lair_end_frog_pond, nicolae_volcano_entry_hallway,
          portal_ice_cave_entry_animals_and_master, serial_bayou_pond_b
Swamp:1:  evilmike_swamp_ruin_house_5, swamp_pool5, uniq_louise
Swamp:2:  serial_swamp_ruin, evilmike_swamp_ruin_house_3,
          evilmike_swamp_ruin_rubble_1
Swamp:3:  nicolae_swamp_treefoil, swamp_pool3,
          nicolae_swamp_oklob_treasure_island
Swamp:4:  swamp_basic_johnstein
Snake:1:  lemuel_fruit_tree, uniq_frances
Snake:2:  basic_altar, nicolae_snake_lava_pool, minmay_shop_grove,
          grunt_megastairs_2
Snake:3:  special_room, evilmike_ambush, uniq_aizul, uniq_nikola
Snake:4:  johnstein_snake_rune_scales
Orc:2:    st_orc_ogre_mass
Vaults:1: vaults_room_grunt_arrival_ludios, hangedman_vaults_hat, v_misc_28,
          vaults_room_pool, v_misc_17, nicolae_vaults_little_squares_4,
          v_misc_22, serial_shops, nicolae_shop_behind_doors, mu_enter_wizlab_6
Sewer:    sewer_frog_island_01
Bailey:   bailey_axe_4, bailey
IceCv:    ice_cave_small_dragons
Volcano:  volcano_pools
WizLab:   wizlab_iskenderun

Skill      XL: |  1  2  3  4  5  6  7  8  9 10 11 12 13 14 15 16 17 18 |
---------------+-------------------------------------------------------+-----
Axes           | 2 3 4 5 6 8 10 12 13 16 17 18 | 18.2
Dodging        | 3 6 |  6.3
Fighting       | 5 8 10 12 14 16 18 | 18.3
Armour         | 6 9 11 12 14 | 14.6
Shields        | 6 7 8 |  8.7
Evocations     | 4 10 | 10.0

Action                   |  1- 3 |  4- 6 |  7- 9 | 10-12 | 13-15 | 16-18 | 19-21 || total
-------------------------+-------+-------+-------+-------+-------+-------+-------++-------
Melee: War axe           |   120 |   180 |       |   122 |  1251 |       |       ||  1673
       Spear             |       |    11 |   536 |   965 |    26 |       |       ||  1538
       Broad axe         |       |       |       |     8 |   232 |  1644 |    50 ||  1934
       Kick              |       |       |       |       |       |       |    22 ||    22
Invok: Ancestor Identity |       |       |       |     2 |       |       |       ||     2
       Recall Ancestor   |       |       |       |     4 |     6 |    11 |       ||    21
       Ancestor Life: Kn |       |       |       |     1 |       |       |       ||     1
Evoke: Wand              |       |       |     2 |       |     5 |    22 |       ||    29
       Fan of gales      |       |       |       |       |       |     1 |       ||     1
  Use: Scroll            |       |     8 |     5 |    13 |    17 |    11 |       ||    54
       Potion            |       |     1 |     2 |     4 |     8 |    22 |     6 ||    43
 Stab: Distracted        |       |       |     1 |     5 |    11 |    27 |     1 ||    45
       Invisible         |       |       |       |       |     3 |    27 |       ||    30
       Fleeing           |       |       |       |       |     1 |       |       ||     1
       Confused          |       |       |       |       |     1 |     6 |       ||     7
       Petrified         |       |       |       |       |     1 |       |       ||     1
  Eat: Chunk             |     3 |     5 |    12 |    13 |     5 |     2 |       ||    40
       Beef jerky        |       |       |       |     6 |     1 |     2 |       ||     9
       Pizza             |       |       |       |     1 |     2 |       |       ||     3
       Fruit             |       |       |       |     3 |     4 |    14 |       ||    21
       Royal jelly       |       |       |       |     3 |    12 |     1 |       ||    16
       Bread ration      |       |       |       |       |     2 |     6 |       ||     8
Armor: Scale mail        |    61 |   106 |   101 |       |       |       |       ||   268
       Chain mail        |       |       |   111 |    17 |       |       |       ||   128
       Plate armour      |       |       |       |   449 |   768 |   455 |    15 ||  1687
       Swamp dragon scal |       |       |       |       |       |   193 |       ||   193
Dodge: Dodged            |    39 |    50 |    80 |   136 |   233 |   374 |     4 ||   916
Block: Shield            |    48 |    94 |   227 |   398 |   777 |  1115 |    15 ||  2674
       Reflection        |       |       |    30 |    17 |    30 |    96 |       ||   173
